 Dungeon Crawl Stone Soup version 0.31.0-9-g3a7656b989 (webtiles) character file.

Game seed: 16946835924379184615

82047 qw the Markself (level 15, -6/94 HPs)
             Began as a Deep Elf Hunter on Feb 2, 2024.
             Was the Champion of Okawaru.
             Mangled by a flayed ghost (12 damage)
             ... on level 15 of the Dungeon.
             The game lasted 00:02:56 (18624 turns).

qw the Markself (Deep Elf Hunter)                  Turns: 18624, Time: 00:02:57

Health: -6/94      AC: 25    Str: 16    XL:     15   Next: 28%
Magic:  24/24      EV: 29    Int: 21    God:    Okawaru [******]
Gold:   951        SH:  0    Dex: 29    Spells: 14/14 levels left

rFire   . . .        x - +1 longbow (freeze)
rCold   . . .        (shield currently unavailable)
rNeg    . . .        w - +4 ring mail of Tender Moments {^Drain rElec rPois}
rPois   +            g - +2 helmet
rElec   +            l - +2 cloak {Will+}
rCorr   .            i - +2 pair of gloves
SInv    .            b - +0 pair of boots
Will    +++++        o - amulet of the Barracuda {Faith ^Drain rElec Will+++}
Stlth   ++           a - ring of Qecsialu {AC+4 Str+4 Int+5 Dex+3}
HPRegen 0.35/turn    p - +6 ring of dexterity
MPRegen 0.19/turn

%: faith
@: flayed
A: no striking features
a: Renounce Religion, Heroism, Finesse, Duel


You were on level 15 of the Dungeon.
You worshipped Okawaru.
Okawaru was exalted by your worship.
You visited 3 branches of the dungeon, and saw 21 of its levels.
You also visited: Ossuary.

You collected 1199 gold pieces.
You spent 248 gold pieces at shops.


   Skills:
 - Level 11.0 Fighting
 - Level 20.0 Ranged Weapons
 - Level 6.0 Armour
 + Level 18.5 Dodging
 - Level 1.2 Stealth
 - Level 10.0 Invocations


You had 14 spell levels left.
You didn't know any spells.
Your spell library was empty.

Inventory:

Hand Weapons
 x - a +1 longbow of freezing (weapon)
Armour
 b - a +0 pair of boots (worn)
 g - a +2 helmet (worn)
 h - the +3 Mad Mage's Maulers {Infuse+∞ VampMP -Cast}
   (You acquired it on level 11 of the Dungeon)

   Infuse+∞: It empowers its wearer's blows with all of their magic.
   VampMP:    Blows struck in melee replenish the wearer's magic.
   -Cast:     It prevents spellcasting.
 i - a +2 pair of gloves (worn)
 l - a +2 cloak of willpower (worn)
 s - a +2 ring mail of fire resistance
 w - the +4 ring mail of Tender Moments (worn) {^Drain rElec rPois}
   (Okawaru gifted it to you on level 5 of the Lair of Beasts)

   rElec:     It insulates you from electricity.
   rPois:     It protects you from poison ^Drain: It drains your maximum health
   when unequipped.
Jewellery
 a - the ring of Qecsialu (left hand) {AC+4 Str+4 Int+5 Dex+3}
   (You acquired it on level 1 of the Dungeon)

   [ring of protection]

   AC+4:      It affects your AC (+4).
   Str+4:     It affects your strength (+4).
   Int+5:     It affects your intelligence (+5).
   Dex+3:     It affects your dexterity (+3).
 o - the amulet of the Barracuda (around neck) {Faith ^Drain rElec Will+++}
   (You acquired it in an ossuary)

   [amulet of faith]

   Faith:     It allows you to gain divine favour quickly.
   rElec:     It insulates you from electricity.
   Will+++:   It greatly increases your willpower.
   ^Drain:    It drains your maximum health when unequipped.
 p - a +6 ring of dexterity (right hand)
 A - the amulet of the Endless Expanse {Regen+ MP+9}
   (You found it on level 5 of the Lair of Beasts)

   [amulet of regeneration]

   MP+9:      It affects your magic capacity (+9).
   Regen+:    It increases your rate of health regeneration.
Wands
 f - a wand of paralysis (6)
 y - a wand of iceblast (8)
 z - a wand of polymorph (8)
Scrolls
 d - a scroll of identify
 q - 4 scrolls of teleportation
Potions
 c - 13 potions of curing
 e - a potion of heal wounds
 j - 4 potions of enlightenment
 k - a potion of haste
 m - 3 potions of might
 n - 2 potions of cancellation
 r - a potion of resistance
 t - 2 potions of mutation

Dungeon Overview and Level Annotations

Branches:
Dungeon (15/15)            Temple (1/1) D:4            Lair (5/5) D:8
 Shoals (0/4) Lair:2        Snake (0/4) Lair:3        Slime (0/5) Lair:4
    Orc (0/2) D:12         Vaults (0/5) D:14        Ossuary (visited)
 Depths: D:15

Altars:
Ashenzari
Cheibriados
Dithmenos
Elyvilon
Fedhas
Gozag
Hepliaklqana
Kikubaaqudgha
Makhleb
Nemelex Xobeh
Okawaru
Qazlal
Ru
Sif Muna
Trog
Uskayaw
Vehumet
Wu Jian
Xom
Yredelemnul
Zin
The Shining One

Shops:
D:1 :   D:2 [   D:4 !   D:6 !

Annotations:
D:4 1 runed translucent door, Crazy Yiuf
D:10 1 runed translucent door
D:12 1 runed translucent door
D:14 2 transporters


Message History

The skeletal warrior is lightly damaged.
The spriggan berserker zombie misses you.
The skeletal warrior hits you but does no damage.
The slime creature misses you.
You shoot an arrow. The arrow hits the skeletal warrior!!
The arrow freezes the skeletal warrior.
The skeletal warrior is heavily damaged.
The slime creature completely misses you.
The skeletal warrior hits you but does no damage.
You shoot an arrow. The arrow hits the skeletal warrior!!
The arrow freezes the skeletal warrior.
You destroy the skeletal warrior!
Okawaru accepts your kill.
The spriggan berserker zombie hits you but does no damage.
You shoot an arrow.
The arrow barely misses the spriggan berserker zombie.
The arrow barely misses the skeletal warrior.
The slime creature closely misses you.
You shoot an arrow.
The arrow closely misses the skeletal warrior.
The arrow hits the spriggan berserker zombie.
The spriggan berserker zombie is lightly damaged.
The flayed ghost cries, "Suffer as I suffered!"
Terrible wounds spread across more of your body!
The slime creature completely misses you.
You shoot an arrow. The arrow hits the skeletal warrior.
The skeletal warrior is lightly damaged.
The slime creature closely misses you.
The skeletal warrior hits you with a +1 long sword of flaming!
The skeletal warrior burns you. The flayed ghost misses you.
You shoot an arrow. The arrow hits the skeletal warrior!!
The arrow freezes the skeletal warrior.
The skeletal warrior is heavily damaged.
You shoot an arrow.
The arrow hits the skeletal warrior but does no damage.
The skeletal warrior is heavily damaged.
The slime creature hits you.
The skeletal warrior hits you with a +1 long sword of flaming!
The skeletal warrior burns you. The flayed ghost hits you!
You die...

#.....'<...#
##...####+###
###...#......#
#.....#...[...
+.....#.......
#.....#.......
#.....#.....PP
#.....#z/..8.P
#.....@WZ...8.
#######J....P.
###)8.. ...


P You could see a skeletal warrior, a slime creature, a flayed ghost and a
spriggan berserker zombie.

Vanquished Creatures
  Louise (D:14)
  3 dire elephants (Lair:5)
  Snorg (D:13)
  A fire dragon (D:14)
  A vault guard (D:14)
  8 hydras
  A catoblepas (Lair:2)
  4 centaur warriors
  3 two-headed ogres
  A boulder beetle (D:13)
  4 death yaks (Lair:5)
  3 tengu warriors
  A death knight (D:13)
  Urug (Lair:1)
  Sonja (Lair:1)
  A spectral death yak (Lair:5)
  A skyshark (Lair:4)
  5 skeletal warriors
  A spark wasp zombie (D:15)
  An arcanist (D:11)
  A spectral anaconda (Lair:5)
  An obsidian statue (Lair:5)
  A lindwurm (Lair:5)
  Pikel (D:5)
  5 necromancers
  3 deep elf pyromancers
  4 manticores
  21 elephants
  6 cyclopes
  Maurice (D:8)
  Joseph (D:7)
  4 ugly things (D:14)
  2 merfolk sirens (Lair:2)
  A torpor snail (Lair:5)
  4 black mambas
  3 gargoyles
  17 cane toads
  Jeremiah (D:7)
  An unseen horror (D:9)
  A rime drake (Lair:5)
  3 efreet
  8 komodo dragons
  2 tengu conjurers
  2 freezing wraiths (D:13)
  4 trolls
  2 merfolk (Lair:2)
  A polar bear (Lair:3)
  10 blink frogs
  A hornet (Lair:1)
  6 slime creatures
  A shapeshifter (D:13)
  2 spriggans
  A shadow (D:12)
  2 wraiths
  49 yaks
  A basilisk (Lair:5)
  Grum (Lair:1)
  4 wyverns
  2 steam dragons
  2 fire elementals (D:11)
  21 vampire mosquitoes
  An acid dragon (D:11)
  A naga (Lair:3)
  A naga (shapeshifter) (D:13)
  2 spectral cane toads (Lair:5)
  12 water moccasins
  2 sky beasts
  3 ogres
  An orc warrior (D:9)
  4 black bears
  19 wolves
  14 centaurs
  A phantom (D:5)
  3 kobold brigands
  An elf zombie (Ossuary)
  17 bullfrogs
  A gnoll sergeant (D:10)
  6 scorpions
  5 wights
  2 burial acolytes (Ossuary)
  An elephant simulacrum (Lair:5)
  3 howler monkeys
  A bombardier beetle (D:7)
  3 hounds
  A jelly (D:4)
  2 human zombies
  4 orc priests
  3 gnoll boudas
  2 sleepcaps
  Jessica (D:2)
  5 iguanas
  Natasha (thrice) (D:2)
  10 orc wizards
  4 mummies (Ossuary)
  21 gnolls
  12 adders
  4 white imps
  3 dart slugs
  3 ribbon worms
  25 orcs
  3 ball pythons
  9 endoplasms
  3 giant cockroaches
  10 goblins
  6 hobgoblins
  9 jackals
  27 kobolds
  3 quokkas
  8 bats
  3 frilled lizards
  3 gnoll zombies (Ossuary)
  3 kobold zombies
  An orc zombie (Ossuary)
  8 rats
550 creatures vanquished.

Vanquished Creatures (others)
  A wolf (Lair:2)
  An orc wizard (D:6)
2 creatures vanquished.

Grand Total: 552 creatures vanquished

Notes
Turn   | Place    | Note
-------+----------+-------------------------------------------
     0 | D:1      | qw the Deep Elf Hunter began the quest for the Orb.
     0 | D:1      | Reached XP level 1. HP: 12/12 MP: 3/3
     0 | D:1      | 0 ||| qw: Version: 0.3-a-155-g5e7d8dd
     0 | D:1      | 0 ||| qw: Game counter: 235
     0 | D:1      | 0 ||| qw: Melee chars always use a shield: true
     0 | D:1      | 0 ||| qw: God list: Okawaru
     0 | D:1      | 0 ||| qw: Allow faded altars: false
     0 | D:1      | 0 ||| qw: Do Orc after clearing Dungeon:15 true
     0 | D:1      | 0 ||| qw: Do second Lair branch before Depths: true
     0 | D:1      | 0 ||| qw: Lair rune preference: random
     0 | D:1      | 0 ||| qw: Goals: Normal
     0 | D:1      | 0 ||| PLANNING D:1-11
    39 | D:1      | Reached XP level 2. HP: 16/16 MP: 4/4
    45 | D:1      | Reached skill level 6 in Ranged Weapons
    63 | D:1      | 63 ||| RETREEEEATING.
    64 | D:1      | 64 ||| RETREEEEATING.
    65 | D:1      | 65 ||| RETREEEEATING.
    66 | D:1      | 66 ||| RETREEEEATING.
    69 | D:1      | 69 ||| RETREEEEATING.
   133 | D:1      | Reached XP level 3. HP: 20/20 MP: 5/5
   205 | D:1      | Found Paiwkono's Book Emporium.
   550 | D:1      | 550 ||| READING 2 scrolls labelled FEHUVY KUTOUTU.
   550 | D:1      | Identified 2 scrolls of acquirement
   550 | D:1      | 550 ||| ACQUIRING +1 orcbow of Zidexoni {heavy, *Corrode
                  | Will++ Stlth+}
   550 | D:1      | Acquired the +1 orcbow of Zidexoni {heavy, *Corrode Will++
                  | Stlth+}
   552 | D:1      | 552 ||| SWAPPING to +1 orcbow of Zidexoni {heavy, *Corrode
                  | Will++ Stlth+}.
   553 | D:1      | 553 ||| DROPPING +0 shortbow.
   554 | D:1      | 554 ||| READING scroll of acquirement.
   554 | D:1      | 554 ||| ACQUIRING ring of Qecsialu {AC+4 Str+4 Int+5 Dex+3}
   554 | D:1      | Acquired the ring of Qecsialu {AC+4 Str+4 Int+5 Dex+3}
   556 | D:1      | 556 ||| UPGRADING to ring of Qecsialu {AC+4 Str+4 Int+5
                  | Dex+3}.
   557 | D:1      | 557 ||| READING scroll labelled UNOETESOSOL.
   658 | D:1      | 658 ||| READING scroll labelled BAOLIA LUOXZA.
   659 | D:1      | 659 ||| DROPPING scroll of butterflies.
   684 | D:2      | Reached skill level 7 in Ranged Weapons
   767 | D:2      | Reached skill level 3 in Dodging
   769 | D:2      | Reached XP level 4. HP: 20/25 MP: 6/6
   790 | D:2      | Noticed Jessica
   792 | D:2      | Killed Jessica
   832 | D:2      | Noticed Natasha
   833 | D:2      | Killed Natasha
   834 | D:2      | Reached skill level 8 in Ranged Weapons
   860 | D:2      | Reached XP level 5. HP: 29/29 MP: 7/7
   873 | D:2      | Noticed Natasha
   880 | D:2      | Killed Natasha
  1118 | D:2      | Noticed Natasha
  1120 | D:2      | Killed Natasha
  1132 | D:2      | Found Rukyaf's Antique Armour Boutique.
  1139 | D:2      | 1139 ||| SHOPLISTING cloak (126 gold, have 63).
  1139 | D:2      | 1139 ||| SHOPLISTING ring mail (112 gold, have 63).
  1139 | D:2      | 1139 ||| SHOPLISTING scale mail (112 gold, have 63).
  1188 | D:2      | 1188 ||| UPGRADING to +0 pair of gloves.
  1193 | D:2      | 1193 ||| READING scroll labelled HAAG ZYAGOY.
  1294 | D:2      | 1294 ||| READING scroll labelled GYTARE KEIGUN.
  1294 | D:2      | 1294 ||| IDENTIFYING coppery potion
  1295 | D:2      | 1295 ||| READING scroll labelled FEGGAM CAIRULA.
  1296 | D:2      | 1296 ||| DRINKING 2 green potions.
  1297 | D:2      | 1297 ||| DRINKING 2 dark potions.
  1298 | D:2      | 1298 ||| DRINKING 2 grey potions.
  1299 | D:2      | 1299 ||| DROPPING potion of brilliance.
  1300 | D:2      | 1300 ||| DROPPING potion of invisibility.
  1328 | D:3      | 1328 ||| STAIRDANCE
  1333 | D:2      | Reached skill level 9 in Ranged Weapons
  1343 | D:3      | 1343 ||| STAIRDANCE
  1367 | D:3      | 1367 ||| STAIRDANCE
  1626 | D:3      | Found a bloodstained altar of Trog.
  1737 | D:3      | 1737 ||| UPGRADING to +0 ring mail.
  1747 | D:3      | 1747 ||| DROPPING +0 leather armour.
  1748 | D:3      | 1748 ||| UPGRADING to +2 cloak of willpower.
  1753 | D:3      | 1753 ||| UPGRADING to +4 ring of protection.
  1754 | D:3      | 1754 ||| READING 3 scrolls of identify.
  1754 | D:3      | 1754 ||| IDENTIFYING white potion
  1755 | D:3      | 1755 ||| READING 2 scrolls of identify.
  1755 | D:3      | 1755 ||| IDENTIFYING sedimented inky potion
  1756 | D:3      | 1756 ||| READING scroll of identify.
  1756 | D:3      | 1756 ||| IDENTIFYING 2 viscous yellow potions
  1757 | D:3      | 1757 ||| DROPPING potion of lignification.
  1758 | D:3      | 1758 ||| DROPPING 2 potions of degeneration.
  1774 | D:4      | 1774 ||| PLANNING OSSUARY
  1796 | D:4      | Reached XP level 6. HP: 35/35 MP: 8/8
  1803 | D:4      | Reached skill level 1 in Armour
  1834 | D:4      | Found an ornate altar of the Wu Jian Council.
  1859 | D:4      | Found Hadgh's Distillery.
  1869 | D:4      | 1869 ||| SHOPLISTING 2 potions of heal wounds (130 gold,
                  | have 117).
  1869 | D:4      | 1869 ||| BUYING potion of curing (39 gold).
  1869 | D:4      | Bought a potion of curing for 39 gold pieces
  1869 | D:4      | 1869 ||| BUYING potion of curing (39 gold).
  1869 | D:4      | Bought a potion of curing for 39 gold pieces
  1869 | D:4      | 1869 ||| SHOPLISTING potion of enlightenment (65 gold, have
                  | 39).
  1960 | D:4      | Found the +8 mithril axe "Arga" {speed, Will+}
  2098 | D:4      | Found a sand-covered staircase.
  2099 | D:4      | 2099 ||| UPGRADING to +0 pair of boots.
  2104 | D:4      | 2104 ||| READING scroll labelled AGYXZI LAVVOG.
  2105 | D:4      | 2105 ||| READING scroll labelled JAROCY ITURUM.
  2107 | D:4      | 2107 ||| Stepping ~*~*~tactically~*~*~ (cloud).
  2169 | D:4      | 2169 ||| FLEEEEING.
  2191 | D:4      | Found a staircase to the Ecumenical Temple.
  2195 | Ossuary  | Entered an ossuary
  2215 | Ossuary  | 2215 ||| DRINKING potion of haste.
  2219 | Ossuary  | Reached skill level 10 in Ranged Weapons
  2320 | Ossuary  | Reached XP level 7. HP: 40/40 MP: 9/9
  2330 | Ossuary  | 2330 ||| READING scroll of acquirement.
  2330 | Ossuary  | 2330 ||| ACQUIRING amulet of the Barracuda {Faith ^Drain
                  | rElec Will+++}
  2330 | Ossuary  | Acquired the amulet of the Barracuda {Faith ^Drain rElec
                  | Will+++}
  2332 | Ossuary  | 2332 ||| UPGRADING to amulet of the Barracuda {Faith ^Drain
                  | rElec Will+++}.
  2535 | Ossuary  | 2535 ||| READING scroll of identify.
  2535 | Ossuary  | 2535 ||| IDENTIFYING murky cyan potion
  2536 | Ossuary  | 2536 ||| READING 3 scrolls labelled COEVU XAJE.
  2540 | Ossuary  | 2540 ||| READING scroll labelled QITIN RAITSO.
  2541 | Ossuary  | 2541 ||| READING scroll labelled DULASK JIASU.
  2542 | Ossuary  | 2542 ||| DRINKING 2 bubbling puce potions.
  2543 | Ossuary  | 2543 ||| DROPPING potion of magic.
  2554 | D:4      | 2554 ||| PLANNING TEMPLE
  2561 | Temple   | Entered the Ecumenical Temple
  2562 | Temple   | 2562 ||| PLANNING D:1-11
  2623 | D:4      | Reached skill level 11 in Ranged Weapons
  2644 | D:4      | Found a runed translucent door.
  2645 | D:4      | Noticed Crazy Yiuf
  2746 | D:4      | 2746 ||| READING scroll labelled WYGUALL LOPSOO.
  2783 | D:5      | Entered Level 5 of the Dungeon
  2809 | D:5      | Noticed Pikel
  2811 | D:5      | 2811 ||| RETREEEEATING.
  2812 | D:5      | 2812 ||| RETREEEEATING.
  2813 | D:5      | 2813 ||| RETREEEEATING.
  2814 | D:5      | 2814 ||| RETREEEEATING.
  2815 | D:5      | 2815 ||| RETREEEEATING.
  2816 | D:5      | 2816 ||| DRINKING potion of haste.
  2822 | D:5      | Killed Pikel
  2823 | D:5      | Reached skill level 12 in Ranged Weapons
  2823 | D:5      | Reached XP level 8. HP: 44/44 MP: 10/10
  2963 | D:5      | Reached skill level 3 in Fighting
  3093 | D:5      | Reached skill level 13 in Ranged Weapons
  3315 | D:5      | 3315 ||| DRINKING 3 potions of curing.
  3315 | D:5      | 3315 ||| (to cure poison)
  3414 | D:5      | Reached skill level 14 in Ranged Weapons
  3474 | D:5      | 3474 ||| READING 2 scrolls of identify.
  3474 | D:5      | 3474 ||| IDENTIFYING clear potion
  3475 | D:5      | 3475 ||| READING scroll of identify.
  3475 | D:5      | 3475 ||| IDENTIFYING amethyst potion
  3476 | D:5      | 3476 ||| READING scroll labelled LEOFAO FUDEC.
  3557 | D:5      | 3557 ||| DROPPING potion of berserk rage.
  3558 | D:5      | 3558 ||| DROPPING potion of attraction.
  3707 | D:6      | 3707 ||| Stepping ~*~*~tactically~*~*~ (cloud).
  3712 | D:6      | Reached skill level 6 in Dodging
  3712 | D:6      | Reached XP level 9. HP: 47/50 MP: 11/11
  3712 | D:6      | 3712 ||| Stepping ~*~*~tactically~*~*~ (cloud).
  4314 | D:6      | Found Quzirur's Distillery.
  4319 | D:6      | 4319 ||| BUYING potion of curing (30 gold).
  4319 | D:6      | Bought a potion of curing for 30 gold pieces
  4319 | D:6      | 4319 ||| BUYING potion of heal wounds (50 gold).
  4319 | D:6      | Bought a potion of heal wounds for 50 gold pieces
  4319 | D:6      | 4319 ||| BUYING potion of heal wounds (50 gold).
  4319 | D:6      | Bought a potion of heal wounds for 50 gold pieces
  4319 | D:6      | 4319 ||| BUYING potion of might (40 gold).
  4319 | D:6      | Bought a potion of might for 40 gold pieces
  4319 | D:6      | 4319 ||| SHOPLISTING potion of mutation (80 gold, have 57).
  4508 | D:6      | 4508 ||| UPGRADING to +3 scale mail.
  4518 | D:6      | 4518 ||| DROPPING +0 ring mail.
  4519 | D:6      | 4519 ||| DROPPING wand of flame (21).
  4550 | D:7      | 4550 ||| STAIRDANCE
  4557 | D:7      | 4557 ||| STAIRDANCE
  4597 | D:7      | Noticed Joseph
  4603 | D:7      | Killed Joseph
  4604 | D:7      | Reached skill level 15 in Ranged Weapons
  4712 | D:7      | Noticed Jeremiah
  4724 | D:7      | Killed Jeremiah
  4757 | D:7      | HP: 9/52 [poisoned by a kobold brigand (curare-tipped
                  | dart)]
  4758 | D:7      | 4758 ||| READING 3 scrolls of teleportation.
  4758 | D:7      | HP: 4/52 [kobold brigand/+0 club (1)]
  4759 | D:7      | 4759 ||| DRINKING 5 potions of heal wounds.
  5287 | D:7      | Reached skill level 16 in Ranged Weapons
  5297 | D:7      | HP: 13/52 [kobold/+0 short sword (4)]
  5298 | D:7      | 5298 ||| READING 3 scrolls of teleportation.
  5299 | D:7      | 5299 ||| DRINKING 4 potions of heal wounds.
  5723 | D:7      | 5723 ||| READING scroll labelled ERAOQA MYITIW.
  5724 | D:7      | 5724 ||| READING scroll labelled VUCI XUTI.
  5724 | D:7      | 5724 ||| ENCHANTING +0 pair of gloves.
  5738 | D:8      | 5738 ||| RETREEEEATING.
  5740 | D:8      | 5740 ||| RETREEEEATING.
  5747 | D:8      | 5747 ||| RETREEEEATING.
  5748 | D:8      | 5748 ||| STAIRDANCE
  5752 | D:7      | Reached XP level 10. HP: 56/56 MP: 12/12
  5756 | D:8      | 5756 ||| STAIRDANCE
  5762 | D:7      | HP: 14/56 [poisoned by a scorpion]
  5763 | D:7      | 5763 ||| READING 2 scrolls of teleportation.
  5764 | D:7      | 5764 ||| DRINKING 3 potions of heal wounds.
  5771 | D:7      | HP: 14/56 [wyvern (4)]
  5772 | D:7      | 5772 ||| READING scroll of teleportation.
  5772 | D:7      | HP: 4/56 [wyvern (10)]
  5773 | D:7      | 5773 ||| DRINKING 2 potions of heal wounds.
  5775 | D:7      | Reached skill level 3 in Armour
  5914 | D:8      | Noticed Maurice
  5915 | D:8      | 5915 ||| STAIRDANCE
  5936 | D:8      | 5936 ||| STAIRDANCE
  5951 | D:8      | Something stole an amulet of the acrobat
  5953 | D:8      | Something stole 97 gold
  5956 | D:8      | Killed Maurice
  5962 | D:8      | 5962 ||| STAIRDANCE
  6043 | D:8      | Noticed a two-headed ogre
  6049 | D:8      | 6049 ||| RETREEEEATING.
  6050 | D:8      | Killed a two-headed ogre
  6177 | D:8      | Found a staircase to the Lair.
  6239 | D:8      | Found a flagged portal.
  6300 | D:8      | Found a shimmering blue altar of Sif Muna.
  6436 | D:8      | Found a snail-covered altar of Cheibriados.
  6573 | D:8      | 6573 ||| UPGRADING to +0 helmet.
  6578 | D:8      | 6578 ||| READING scroll of identify.
  6578 | D:8      | 6578 ||| IDENTIFYING purple potion
  6579 | D:8      | 6579 ||| READING scroll labelled JORPHE ZOOBOST.
  6640 | D:9      | 6640 ||| RETREEEEATING.
  6644 | D:9      | 6644 ||| RETREEEEATING.
  6648 | D:9      | 6648 ||| RETREEEEATING.
  6664 | D:9      | Reached skill level 6 in Fighting
  6677 | D:9      | Reached skill level 9 in Dodging
  7080 | D:9      | 7080 ||| UPGRADING to +6 ring of dexterity.
  7082 | D:9      | 7082 ||| DROPPING +4 ring of protection.
  7083 | D:9      | 7083 ||| Stepping randomly (disturbance).
  7084 | D:9      | 7084 ||| Stepping randomly (disturbance).
  7085 | D:9      | 7085 ||| Stepping randomly (disturbance).
  7087 | D:9      | 7087 ||| Stepping randomly (disturbance).
  7088 | D:9      | 7088 ||| Stepping randomly (disturbance).
  7089 | D:9      | 7089 ||| Stepping randomly (disturbance).
  7527 | D:9      | 7527 ||| UPGRADING to +2 helmet.
  7537 | D:9      | 7537 ||| DROPPING +0 helmet.
  7538 | D:9      | 7538 ||| UPGRADING to +2 ring mail of fire resistance.
  7566 | D:10     | Entered Level 10 of the Dungeon
  7623 | D:10     | Found a broken altar of Ashenzari.
  7623 | D:10     | Found an iron altar of Okawaru.
  7624 | D:10     | 7624 ||| PLANNING OKAWARU WORSHIP
  7629 | D:10     | Found a faded altar of an unknown god.
  7631 | D:10     | Became a worshipper of Warmaster Okawaru
  7632 | D:10     | 7632 ||| PLANNING D:1-11
  7634 | D:10     | Found a burning altar of Makhleb.
  7636 | D:10     | Found a faded altar of an unknown god.
  7695 | D:10     | Reached XP level 11. HP: 66/66 MP: 13/13
  7706 | D:10     | 7706 ||| SWAPPING to +1 orcbow of freezing.
  7779 | D:10     | 7779 ||| SWAPPING to +4 orcbow.
  7780 | D:10     | 7780 ||| DROPPING +1 orcbow of freezing.
  8093 | D:10     | Found a runed translucent door.
  8099 | D:10     | Reached * piety under Okawaru
  8104 | D:10     | Noticed a sixfirhy
  8258 | D:10     | 8258 ||| PLANNING LAIR
  8258 | D:10     | 8258 ||| DROPPING amulet of the acrobat.
  8259 | D:10     | 8259 ||| DROPPING +6 ring of strength.
  8314 | Lair:1   | Entered Level 1 of the Lair of Beasts
  8387 | Lair:1   | Noticed Grum
  8390 | Lair:1   | 8390 ||| RETREEEEATING.
  8397 | Lair:1   | 8397 ||| RETREEEEATING.
  8398 | Lair:1   | 8398 ||| RETREEEEATING.
  8399 | Lair:1   | 8399 ||| RETREEEEATING.
  8405 | Lair:1   | Reached skill level 1 in Invocations
  8415 | Lair:1   | Killed Grum
  8721 | Lair:1   | Reached skill level 3 in Invocations
  8758 | Lair:1   | Noticed Urug
  8759 | Lair:1   | 8759 ||| ZAPPING wand of quicksilver (5) at 7,4 (Urug;
                  | floor).
  8760 | Lair:1   | 8760 ||| INVOKING Heroism.
  8761 | Lair:1   | 8761 ||| ZAPPING wand of quicksilver (4) at 6,3 (Urug;
                  | broken_door).
  8762 | Lair:1   | 8762 ||| ZAPPING wand of quicksilver (3) at 5,3 (Urug;
                  | floor).
  8763 | Lair:1   | 8763 ||| ZAPPING wand of quicksilver (2) at 4,2 (Urug;
                  | floor).
  8764 | Lair:1   | 8764 ||| ZAPPING wand of quicksilver (1) at 3,1 (Urug;
                  | floor).
  8771 | Lair:1   | Killed Urug
  8771 | Lair:1   | Reached ** piety under Okawaru
  8907 | Lair:1   | 8907 ||| RETREEEEATING.
  8911 | Lair:1   | 8911 ||| RETREEEEATING.
  8912 | Lair:1   | 8912 ||| RETREEEEATING.
  8913 | Lair:1   | 8913 ||| RETREEEEATING.
  8914 | Lair:1   | 8914 ||| RETREEEEATING.
  8915 | Lair:1   | 8915 ||| RETREEEEATING.
  8916 | Lair:1   | 8916 ||| RETREEEEATING.
  8917 | Lair:1   | 8917 ||| RETREEEEATING.
  8918 | Lair:1   | 8918 ||| RETREEEEATING.
  8919 | Lair:1   | 8919 ||| RETREEEEATING.
  8920 | Lair:1   | 8920 ||| RETREEEEATING.
  8967 | Lair:1   | Noticed Sonja
  8968 | Lair:1   | 8968 ||| INVOKING Heroism.
  8978 | Lair:1   | Killed Sonja
  8978 | Lair:1   | Reached *** piety under Okawaru
  9048 | Lair:1   | Reached skill level 12 in Dodging
  9208 | Lair:1   | 9208 ||| UPGRADING to +1 ring mail of poison resistance.
  9218 | Lair:1   | 9218 ||| READING 4 scrolls of identify.
  9218 | Lair:1   | 9218 ||| IDENTIFYING metallic grey potion
  9219 | Lair:1   | 9219 ||| READING 3 scrolls of identify.
  9219 | Lair:1   | 9219 ||| IDENTIFYING metallic inky potion
  9220 | Lair:1   | 9220 ||| DROPPING potion of ambrosia.
  9256 | Lair:2   | 9256 ||| STAIRDANCE
  9262 | Lair:2   | 9262 ||| STAIRDANCE
  9378 | Lair:2   | Noticed a catoblepas
  9382 | Lair:2   | 9382 ||| Stepping ~*~*~tactically~*~*~ (cloud).
  9385 | Lair:2   | 9385 ||| INVOKING Heroism.
  9389 | Lair:2   | 9389 ||| Stepping ~*~*~tactically~*~*~ (cloud).
  9395 | Lair:2   | Killed a catoblepas
  9395 | Lair:2   | Reached **** piety under Okawaru
  9635 | Lair:2   | Found a staircase to the Shoals.
  9638 | Lair:2   | 9638 ||| RETREEEEATING.
  9654 | Lair:2   | Reached ***** piety under Okawaru
  9822 | Lair:2   | 9822 ||| READING scroll of enchant weapon.
  9822 | Lair:2   | 9822 ||| ENCHANTING +4 orcbow.
 10283 | Lair:2   | 10283 ||| DROPPING ring of positive energy.
 10284 | Lair:2   | 10284 ||| READING 2 scrolls of identify.
 10284 | Lair:2   | 10284 ||| IDENTIFYING scroll labelled DOMAAPR UNIV
 10285 | Lair:2   | 10285 ||| DROPPING scroll of amnesia.
 10363 | Lair:3   | 10363 ||| RETREEEEATING.
 10365 | Lair:3   | 10365 ||| RETREEEEATING.
 10366 | Lair:3   | 10366 ||| RETREEEEATING.
 10381 | Lair:3   | Reached skill level 6 in Invocations
 10381 | Lair:3   | Reached XP level 12. HP: 63/72 MP: 18/18
 10651 | Lair:3   | Found a staircase to the Snake Pit.
 10655 | Lair:3   | Received a gift from Okawaru
 10882 | Lair:3   | Noticed an eight-headed hydra
 10883 | Lair:3   | 10883 ||| INVOKING Finesse.
 10886 | Lair:3   | Killed an eight-headed hydra
 11273 | Lair:4   | Found a staircase to the Slime Pits.
 11274 | Lair:4   | 11274 ||| RETREEEEATING.
 11275 | Lair:4   | 11275 ||| RETREEEEATING.
 11276 | Lair:4   | 11276 ||| RETREEEEATING.
 11277 | Lair:4   | 11277 ||| RETREEEEATING.
 11278 | Lair:4   | 11278 ||| RETREEEEATING.
 11279 | Lair:4   | 11279 ||| RETREEEEATING.
 11280 | Lair:4   | 11280 ||| RETREEEEATING.
 11281 | Lair:4   | 11281 ||| RETREEEEATING.
 11282 | Lair:4   | 11282 ||| INVOKING Finesse.
 11283 | Lair:4   | 11283 ||| INVOKING Heroism.
 11319 | Lair:4   | Received a gift from Okawaru
 11399 | Lair:4   | 11399 ||| INVOKING Finesse.
 11400 | Lair:4   | 11400 ||| INVOKING Heroism.
 11408 | Lair:4   | Reached skill level 9 in Invocations
 11455 | Lair:4   | 11455 ||| RETREEEEATING.
 11456 | Lair:4   | 11456 ||| RETREEEEATING.
 11553 | Lair:4   | Noticed a six-headed hydra
 11554 | Lair:4   | 11554 ||| INVOKING Finesse.
 11559 | Lair:4   | Killed a six-headed hydra
 11568 | Lair:4   | Received a gift from Okawaru
 11629 | Lair:4   | 11629 ||| READING scroll of enchant weapon.
 11629 | Lair:4   | 11629 ||| ENCHANTING +5 orcbow.
 11720 | Lair:4   | 11720 ||| RETREEEEATING.
 11721 | Lair:4   | 11721 ||| RETREEEEATING.
 11722 | Lair:4   | 11722 ||| RETREEEEATING.
 11723 | Lair:4   | 11723 ||| RETREEEEATING.
 11725 | Lair:4   | 11725 ||| RETREEEEATING.
 11727 | Lair:4   | 11727 ||| RETREEEEATING.
 11732 | Lair:4   | 11732 ||| RETREEEEATING.
 11735 | Lair:4   | 11735 ||| RETREEEEATING.
 11736 | Lair:4   | 11736 ||| RETREEEEATING.
 11737 | Lair:4   | 11737 ||| RETREEEEATING.
 11738 | Lair:4   | 11738 ||| RETREEEEATING.
 11739 | Lair:4   | 11739 ||| RETREEEEATING.
 11740 | Lair:4   | 11740 ||| INVOKING Finesse.
 11760 | Lair:4   | Reached XP level 13. HP: 77/79 MP: 17/22
 11966 | Lair:4   | Reached skill level 9 in Fighting
 12160 | Lair:5   | Entered Level 5 of the Lair of Beasts
 12214 | Lair:5   | Received a gift from Okawaru
 12456 | Lair:5   | 12456 ||| RETREEEEATING.
 12513 | Lair:5   | Reached skill level 15 in Dodging
 12600 | Lair:5   | 12600 ||| RETREEEEATING.
 12601 | Lair:5   | 12601 ||| RETREEEEATING.
 12602 | Lair:5   | 12602 ||| RETREEEEATING.
 12603 | Lair:5   | 12603 ||| RETREEEEATING.
 12604 | Lair:5   | 12604 ||| RETREEEEATING.
 12605 | Lair:5   | 12605 ||| RETREEEEATING.
 12606 | Lair:5   | 12606 ||| RETREEEEATING.
 12607 | Lair:5   | 12607 ||| RETREEEEATING.
 12608 | Lair:5   | 12608 ||| RETREEEEATING.
 12609 | Lair:5   | 12609 ||| RETREEEEATING.
 12610 | Lair:5   | 12610 ||| RETREEEEATING.
 12611 | Lair:5   | 12611 ||| RETREEEEATING.
 12612 | Lair:5   | 12612 ||| RETREEEEATING.
 12613 | Lair:5   | 12613 ||| RETREEEEATING.
 12733 | Lair:5   | 12733 ||| RETREEEEATING.
 12756 | Lair:5   | Received a gift from Okawaru
 12756 | Lair:5   | Reached ****** piety under Okawaru
 12757 | Lair:5   | 12757 ||| INVOKING Receive Weapon.
 12757 | Lair:5   | 12757 ||| ACQUIRING +1 longbow of freezing
 12757 | Lair:5   | Acquired a +1 longbow of freezing
 12757 | Lair:5   | Received a gift from Okawaru
 12758 | Lair:5   | 12758 ||| INVOKING Receive Armour.
 12758 | Lair:5   | 12758 ||| ACQUIRING +4 ring mail of Tender Moments {^Drain
                  | rElec rPois}
 12758 | Lair:5   | Acquired the +4 ring mail of Tender Moments {^Drain rElec
                  | rPois}
 12758 | Lair:5   | Received a gift from Okawaru
 12760 | Lair:5   | 12760 ||| SWAPPING to +1 longbow of freezing.
 12806 | Lair:5   | 12806 ||| DROPPING +1 orcbow of Zidexoni {heavy, *Corrode
                  | Will++ Stlth+}.
 12807 | Lair:5   | 12807 ||| DROPPING +6 orcbow.
 12920 | Lair:5   | 12920 ||| RETREEEEATING.
 12921 | Lair:5   | 12921 ||| RETREEEEATING.
 12922 | Lair:5   | 12922 ||| RETREEEEATING.
 12926 | Lair:5   | 12926 ||| RETREEEEATING.
 12927 | Lair:5   | 12927 ||| RETREEEEATING.
 12941 | Lair:5   | Reached skill level 17 in Ranged Weapons
 12955 | Lair:5   | Received a gift from Okawaru
 13173 | Lair:5   | Noticed a dire elephant
 13174 | Lair:5   | 13174 ||| INVOKING Finesse.
 13180 | Lair:5   | Noticed a dire elephant
 13183 | Lair:5   | Killed a dire elephant
 13192 | Lair:5   | Killed a dire elephant
 13282 | Lair:5   | Reached skill level 18 in Ranged Weapons
 13289 | Lair:5   | 13289 ||| INVOKING Finesse.
 13294 | Lair:5   | 13294 ||| RETREEEEATING.
 13301 | Lair:5   | 13301 ||| RETREEEEATING.
 13302 | Lair:5   | 13302 ||| RETREEEEATING.
 13310 | Lair:5   | 13310 ||| RETREEEEATING.
 13326 | Lair:5   | 13326 ||| RETREEEEATING.
 13327 | Lair:5   | 13327 ||| RETREEEEATING.
 13328 | Lair:5   | 13328 ||| RETREEEEATING.
 13515 | Lair:5   | Noticed a dire elephant
 13534 | Lair:5   | Reached XP level 14. HP: 86/86 MP: 23/23
 13556 | Lair:5   | Received a gift from Okawaru
 13560 | Lair:5   | Reached skill level 19 in Ranged Weapons
 13579 | Lair:5   | 13579 ||| RETREEEEATING.
 13580 | Lair:5   | 13580 ||| RETREEEEATING.
 13788 | Lair:5   | 13788 ||| RETREEEEATING.
 13789 | Lair:5   | 13789 ||| RETREEEEATING.
 13790 | Lair:5   | 13790 ||| RETREEEEATING.
 13797 | Lair:5   | 13797 ||| RETREEEEATING.
 13829 | Lair:5   | 13829 ||| RETREEEEATING.
 13830 | Lair:5   | 13830 ||| RETREEEEATING.
 13908 | Lair:5   | 13908 ||| RETREEEEATING.
 13909 | Lair:5   | 13909 ||| RETREEEEATING.
 13910 | Lair:5   | 13910 ||| RETREEEEATING.
 13911 | Lair:5   | 13911 ||| RETREEEEATING.
 13912 | Lair:5   | 13912 ||| RETREEEEATING.
 13913 | Lair:5   | 13913 ||| RETREEEEATING.
 13915 | Lair:5   | 13915 ||| RETREEEEATING.
 13916 | Lair:5   | 13916 ||| RETREEEEATING.
 13917 | Lair:5   | 13917 ||| RETREEEEATING.
 13918 | Lair:5   | 13918 ||| RETREEEEATING.
 13919 | Lair:5   | 13919 ||| INVOKING Finesse.
 14155 | Lair:5   | 14155 ||| RETREEEEATING.
 14156 | Lair:5   | 14156 ||| RETREEEEATING.
 14157 | Lair:5   | 14157 ||| RETREEEEATING.
 14160 | Lair:5   | 14160 ||| RETREEEEATING.
 14162 | Lair:5   | 14162 ||| RETREEEEATING.
 14163 | Lair:5   | 14163 ||| RETREEEEATING.
 14164 | Lair:5   | 14164 ||| RETREEEEATING.
 14165 | Lair:5   | 14165 ||| RETREEEEATING.
 14166 | Lair:5   | 14166 ||| INVOKING Finesse.
 14220 | Lair:5   | Identified the amulet of the Endless Expanse {Regen+ MP+9}
 14288 | Lair:5   | 14288 ||| RETREEEEATING.
 14290 | Lair:5   | 14290 ||| RETREEEEATING.
 14291 | Lair:5   | 14291 ||| RETREEEEATING.
 14292 | Lair:5   | 14292 ||| RETREEEEATING.
 14293 | Lair:5   | 14293 ||| RETREEEEATING.
 14294 | Lair:5   | 14294 ||| RETREEEEATING.
 14295 | Lair:5   | 14295 ||| RETREEEEATING.
 14511 | Lair:5   | 14511 ||| PLANNING D:1-11
 14511 | Lair:5   | 14511 ||| DROPPING +3 scale mail.
 14512 | Lair:5   | 14512 ||| UPGRADING to +4 ring mail of Tender Moments
                  | {^Drain rElec rPois}.
 14522 | Lair:5   | 14522 ||| DROPPING +1 ring mail of poison resistance.
 14523 | Lair:5   | 14523 ||| DROPPING +2 leather armour of willpower.
 14524 | Lair:5   | 14524 ||| DROPPING amulet of regeneration.
 14525 | Lair:5   | 14525 ||| DROPPING amulet of magic regeneration.
 14738 | D:11     | 14738 ||| PLANNING GAUNTLET
 14748 | D:11     | Reached skill level 20 in Ranged Weapons
 15025 | D:11     | Received a gift from Okawaru
 15137 | D:11     | Reached skill level 6 in Armour
 15156 | D:11     | 15156 ||| READING scroll of acquirement.
 15156 | D:11     | 15156 ||| ACQUIRING +3 Mad Mage's Maulers {Infuse+∞ VampMP
                  | -Cast}
 15156 | D:11     | Acquired the +3 Mad Mage's Maulers {Infuse+∞ VampMP -Cast}
 15156 | D:11     | Found the +3 Mad Mage's Maulers {Infuse+∞ VampMP -Cast}
 15221 | D:11     | 15221 ||| RIP GAUNTLET
 15234 | D:11     | 15234 ||| PLANNING D:1-11
 15234 | D:11     | 15234 ||| READING scroll of enchant armour.
 15234 | D:11     | 15234 ||| ENCHANTING +1 pair of gloves.
 15335 | D:11     | HP: 14/86 [occultist/fireball (39)]
 15336 | D:11     | 15336 ||| READING 4 scrolls of teleportation.
 15337 | D:11     | 15337 ||| DRINKING 2 potions of heal wounds.
 15482 | D:11     | 15482 ||| PLANNING D
 15843 | D:12     | Received a gift from Okawaru
 16048 | D:12     | Found a runed translucent door.
 16190 | D:12     | Found a staircase to the Orcish Mines.
 16473 | D:13     | Noticed Snorg
 16478 | D:13     | Killed Snorg
 16607 | D:13     | HP: 19/88 [centaur warrior/arrow (18)]
 16608 | D:13     | 16608 ||| READING 3 scrolls of teleportation.
 16609 | D:13     | 16609 ||| DRINKING 2 potions of heal wounds.
 16746 | D:13     | 16746 ||| RETREEEEATING.
 16749 | D:13     | 16749 ||| RETREEEEATING.
 16761 | D:13     | Received a gift from Okawaru
 16882 | D:13     | 16882 ||| INVOKING Finesse.
 17296 | D:13     | 17296 ||| DROPPING +2 pair of gloves.
 17352 | D:14     | Received a gift from Okawaru
 17377 | D:14     | Reached skill level 18 in Dodging
 17436 | D:14     | Reached XP level 15. HP: 80/92 MP: 24/24
 17655 | D:14     | Found a transporter.
 17659 | D:14     | Found a transporter.
 17728 | D:14     | 17728 ||| RETREEEEATING.
 17742 | D:14     | 17742 ||| RETREEEEATING.
 17746 | D:14     | HP: 21/93 [skeletal warrior/+0 dire flail (10)]
 17747 | D:14     | 17747 ||| READING 4 scrolls of teleportation.
 17748 | D:14     | 17748 ||| DRINKING potion of heal wounds.
 17971 | D:14     | 17971 ||| RETREEEEATING.
 17978 | D:14     | 17978 ||| RETREEEEATING.
 18151 | D:14     | Noticed Louise
 18152 | D:14     | 18152 ||| INVOKING Finesse.
 18166 | D:14     | Killed Louise
 18166 | D:14     | Received a gift from Okawaru
 18470 | D:14     | Found a gate to the Vaults.
 18556 | D:14     | 18556 ||| DROPPING +6 ring of intelligence.
 18580 | D:15     | Entered Level 15 of the Dungeon
 18624 | D:15     | HP: 21/94 [slime creature (6)]
 18624 | D:15     | HP: 6/94 [skeletal warrior/+1 long sword of flaming (5)]
 18624 | D:15     | Mangled by a flayed ghost

Levels and vault maps discovered:
D:1:      grunt_arrival_lava_bath, layout_rooms, serial_shops, shop,
          nicolae_houndstooth_variations
D:2:      layout_basic, serial_shops, nicolae_diamond_shop, minmay_3d_cube,
          uniq_jessica, uniq_natasha
D:3:      layout_rooms, mainiacjoe_overflow_alcove_4
D:4:      layout_rooms, kennysheep_mini_moat, minmay_temple_entry_hall,
          serial_shops, shop, enter_ossuary_3, uniq_crazy_yiuf_cottage
D:5:      layout_basic, uniq_pikel
D:6:      layout_loops_corners, serial_shops, nicolae_shop_waterfront
D:7:      layout_layer_cave, uniq_joseph, uniq_jeremiah
D:8:      layout_cave_pools, tgw_sif, slow_altar_2, due_lair_maze_entry_diamond,
          enter_bailey_7, due_unseen_surprise, uniq_maurice
D:9:      layout_basic
D:10:     cheibrodos_shockbox, layout_basic, chequers_temple_overflow_minitemple
D:11:     cheibrodos_lost_city_excavation, layout_rooms, gauntlet_entry_generic
D:12:     layout_loops_ring, orc_0_dummy, lightli_airlock
D:13:     layout_roguey, uniq_snorg
D:14:     gammafunk_beogh_shrine, layout_loops_ring, david_vaults_5,
          minivault_25, minmay_misc_feat_encased, uniq_louise
D:15:     gammafunk_depths_entry_grave, layout_gridville,
          dreamdust_princess_corridor
Temple:   nicolae_temple_bog_church
Lair:1:   layout_regular_city, uniq_sonja, uniq_urug, uniq_grum
Lair:2:   layout_layer_cave, elwin_shoals_entry_stream, grunt_megastairs_4,
          lemuel_fruit_tree
Lair:3:   layout_roguey, guppyfry_snake_entry_island, minivault_19,
          grunt_forest_stairs_clearing, infiniplex_staircase_pool
Lair:4:   layout_cave_shapes, slime_entry_1
Lair:5:   due_jungle_book, layout_regular_city, grunt_forest_large_clearing_hut

Skill      XL: |  1  2  3  4  5  6  7  8  9 10 11 12 13 14 15 |
---------------+----------------------------------------------+-----
Ranged Weapons | 6 7 8 9 10 12 14 16 18 20 | 20.0
Dodging        | 3 4 6 7 10 13 14 16 18 | 18.5
Fighting       | 2 3 4 6 7 8 9 10 11 | 11.0
Armour         | 1 2 4 5 6 |  6.0
Invocations    | 6 10 | 10.0
Stealth        | |  1.2

Action                     |  1- 3 |  4- 6 |  7- 9 | 10-12 | 13-15 || total
---------------------------+-------+-------+-------+-------+-------++-------
   Fire: Shortbow          |    74 |       |       |       |       ||    74
         Orcbow            |    15 |   127 |   231 |   701 |   161 ||  1235
         Longbow           |       |       |       |       |   907 ||   907
 Invoke: Heroism           |       |       |       |     5 |       ||     5
         Finesse           |       |       |       |     5 |     6 ||    11
         Receive Weapon    |       |       |       |       |     1 ||     1
         Receive Armour    |       |       |       |       |     1 ||     1
  Evoke: Wand              |       |       |       |     5 |       ||     5
    Use: Scroll            |     4 |     8 |    13 |     9 |     5 ||    39
         Potion            |       |     4 |     5 |     2 |     3 ||    14
 Armour: Leather armour    |    21 |    30 |       |       |       ||    51
         Ring mail         |       |    21 |    46 |   102 |   232 ||   401
         Scale mail        |       |       |    89 |   114 |       ||   203
  Dodge: Dodged            |    31 |    55 |   135 |   339 |   553 ||  1113

Table legend:
 A = Non-vault XP
 B = Vault XP
 C = Vault XP percentage of total XP
 D = Non-vault monster count
 E = Vault monster count
 F = Vault count percentage of total count
                 A         B        C        D         E       F
            +---------+---------+-------+---------+---------+-------
      Total |   81814 |   35396 |  30.2 |     445 |     107 |  19.4
            +---------+---------+-------+---------+---------+-------
        D:1 |      58 |       0 |   0.0 |      32 |       0 |   0.0
        D:2 |     195 |      78 |  28.6 |      27 |       6 |  18.2
        D:3 |      39 |       0 |   0.0 |      12 |       0 |   0.0
        D:4 |     266 |      42 |  13.6 |      17 |       2 |  10.5
        D:5 |     906 |     641 |  41.4 |      23 |       1 |   4.2
        D:6 |    1010 |       0 |   0.0 |      29 |       0 |   0.0
        D:7 |    1171 |    1370 |  53.9 |      20 |       6 |  23.1
        D:8 |    1162 |    1023 |  46.8 |      17 |      12 |  41.4
        D:9 |    2378 |       0 |   0.0 |      28 |       0 |   0.0
       D:10 |    1066 |       0 |   0.0 |      15 |       0 |   0.0
       D:11 |    3710 |    2367 |  39.0 |      15 |       5 |  25.0
       D:12 |   10248 |       0 |   0.0 |      29 |       0 |   0.0
       D:13 |    9999 |     922 |   8.4 |      27 |       1 |   3.6
       D:14 |    8771 |    6154 |  41.2 |      20 |       7 |  25.9
       D:15 |     733 |    2100 |  74.1 |       3 |       3 |  50.0
     Lair:1 |    2371 |    2599 |  52.3 |      13 |       9 |  40.9
     Lair:2 |    2246 |    2097 |  48.3 |       8 |       6 |  42.9
     Lair:3 |    6449 |    1447 |  18.3 |      19 |       9 |  32.1
     Lair:4 |   10842 |       0 |   0.0 |      40 |       0 |   0.0
     Lair:5 |   18194 |   14200 |  43.8 |      51 |      26 |  33.8
    Ossuary |       0 |     356 | 100.0 |       0 |      14 | 100.0
            +---------+---------+-------+---------+---------+-------
